 Dungeon Crawl Stone Soup version 0.25.1-2-g60ff931df9 (webtiles) character file.

Game seed: 5599996334216582409

6326 generaletaddeo the Frost Mage (level 10, -3/69 (70) HPs)
             Began as a Merfolk Ice Elementalist on Sept 16, 2020.
             Was a Follower of Ashenzari.
             Killed by divine providence
             ... invoked by an orc priest
              (17 damage)
             ... on level 9 of the Dungeon on Sept 17, 2020.
             The game lasted 01:44:30 (11080 turns).

generaletaddeo the Frost Mage (MfIE)               Turns: 11080, Time: 01:44:31

HP:   -3/69 (70)    AC:  7    Str:  8    XL:     10   Next: 95%
MP:   4/16          EV: 22    Int: 23    God:    Ashenzari [*.....]
Gold: 582           SH:  0    Dex: 20    Spells: 1/18 levels left

rFire    . . .     SeeInvis .   y - +12 trident of the Vendetta {vorpal, rElec Dex+4} (curse)
rCold    . . .     Gourm    .   (no shield)
rNeg     + . .     Faith    .   a - +2 robe {rN+} (curse)
rPois    .         Spirit   .   f - +0 helmet
rElec    +         Reflect  .   H - +0 cloak
rCorr    .         Harm     .   k - +0 pair of gloves (curse)
MR       .....                  (no boots)
Stlth    ++++......             U - amulet of regeneration
HPRegen  0.61/turn              L - +4 ring of evasion
MPRegen  0.15/turn              B - +6 ring of intelligence (curse)

@: very slightly contaminated
A: change form in water, swift swim, stealthy swim
a: Curse Item, Scrying, Renounce Religion


You were on level 9 of the Dungeon.
You worshipped Ashenzari.
Ashenzari was aware of your devotion.
You were not hungry.

You visited 2 branches of the dungeon, and saw 11 of its levels.
You also visited: Sewer.

You collected 582 gold pieces.

Inventory:

Hand Weapons
 d - a +0 hunting sling
 s - a +2 dagger of draining
 y - the cursed +12 trident of the Vendetta (weapon) {vorpal, rElec Dex+4}
   (You found it on level 7 of the Dungeon)

   It inflicts extra damage upon your enemies.
   It affects your dexterity (+4).
   It insulates you from electricity.
   It has a curse placed upon it.
 C - a +0 short sword of electrocution
 E - a +5 dagger of venom
Missiles
 j - 297 stones
 r - 3 datura-tipped darts
 u - 35 poisoned darts (quivered)
 I - 66 sling bullets
 K - 4 silver boomerangs
Armour
 a - a cursed +2 robe of positive energy (worn)
 f - a +0 helmet (worn)
 k - a cursed +0 pair of gloves (worn)
 t - a +0 leather armour of fire resistance
 H - a +0 cloak (worn)
Jewellery
 z - an uncursed ring of resist corrosion
 B - a cursed +6 ring of intelligence (right hand)
 L - a +4 ring of evasion (left hand)
 U - an amulet of regeneration (around neck)
Wands
 e - a wand of polymorph (15)
 h - a wand of paralysis (9)
 F - a wand of acid (8)
 N - a wand of random effects (14)
 Q - a wand of iceblast (5)
 T - a wand of disintegration (12)
Scrolls
 g - 2 scrolls of fear {unknown}
 l - 2 scrolls of immolation {unknown}
 m - 10 scrolls of teleportation
 p - 3 scrolls of fog {unknown}
 q - 4 scrolls of amnesia
 w - 3 scrolls of enchant weapon {unknown}
 A - a scroll of identify
 D - 3 scrolls of enchant armour {unknown}
 M - a scroll of remove curse
 O - 2 scrolls of magic mapping {unknown}
 P - a scroll of blinking {unknown}
 R - a scroll of vulnerability {unknown}
Potions
 b - 5 potions of curing
 i - 2 potions of stabbing
 n - 2 potions of degeneration {unknown}
 o - 4 potions of heal wounds
 v - 2 potions of magic {unknown}
 x - 3 potions of brilliance
 G - 2 potions of flight {unknown}
 J - a potion of haste {unknown}
Comestibles
 c - 14 rations
 S - 5 chunks of flesh


   Skills:
 + Level 3.4 Fighting
 + Level 7.5 Dodging
 + Level 8.6 Stealth
 - Level 4.6 Spellcasting
 - Level 3.4 Conjurations
 - Level 3.0 Charms
 - Level 10.0 Ice Magic
 * Level 0.2 Poison Magic
 - Level 7.5 Evocations


You had one spell level left.
You knew the following spells:

 Your Spells              Type           Power        Failure   Level  Hunger
a - Freeze                Ice            ####         1%          1    None
b - Frozen Ramparts       Ice            ######       1%          3    ##.....
c - Ozocubu's Armour      Chrm/Ice       #####...     1%          3    ##.....
d - Hailstorm             Conj/Ice       #####...     6%          4    ####...
e - Summon Ice Beast      Ice/Summ       ####....     12%         4    ####...
f - Poisonous Vapours     Pois/Air       #.....       14%         2    None

Your spell library contained the following spells:

 Spells                   Type           Power        Failure   Level  Hunger
 Corona                   Hex            #......      10%         1    None
 Sting                    Tmut/Pois      #...         10%         1    None
 Ensorcelled Hibernation  Hex/Ice        ####..       1%          2    None
 Dazzling Flash           Conj/Hex       ##....       14%         3    ##.....
 Mephitic Cloud           Conj/Pois/Air  ##......     19%         3    ##.....
 Ignite Poison            Fire/Tmut/Pois #.......     28%         3    ##.....
 Confusing Touch          Hex            #.......     30%         3    ##.....
 Tukima's Dance           Hex            #.......     30%         3    ##.....
 Olgreb's Toxic Radiance  Pois           #.......     65%         4    ####...


Dungeon Overview and Level Annotations

Branches:
Dungeon (10/15)            Temple (1/1) D:7           Sewer (visited)
   Lair: D:8-11         Orc: D:9-12

Altars:
Ashenzari
Cheibriados
Dithmenos
Elyvilon
Fedhas
Gozag
Hepliaklqana
Kikubaaqudgha
Makhleb
Nemelex Xobeh
Okawaru
Qazlal
Ru
Sif Muna
Trog
Uskayaw
Vehumet
Wu Jian
Xom
Yredelemnul
Zin
The Shining One

Annotations:
D:10 1 runed translucent door


Message History

Casting: Poisonous Vapours (safe; 14% risk of failure)
Confirm with . or Enter, or press ? or * to list all spells.
Aiming: Poisonous Vapours (safe; 14% risk of failure)
Press: ? - help, Dir - move target cursor, f/p - death yak
Aim: a death yak (severely wounded, very poisoned) Poisonous vapours surround the death yak!
The death yak is engulfed in poison gas.
The death yak looks even sicker.
The death yak gores you!!
You hear a zap.
You hear a grinding noise.
Casting: Poisonous Vapours (safe; 14% risk of failure)
Confirm with . or Enter, or press ? or * to list all spells.
A chill wind blows around you. The death yak gores you!!
The orc priest mumbles some strange prayers to Beogh against you.
Beogh smites you!
* * * LOW HITPOINT WARNING * * *
You hear a bellow!
Your ice beast hits the death yak but does no damage.
The orc priest calls down the wrath of Beogh upon you.
Beogh smites you!
You die...

#..##.#.#.....##...##.#####.#8...
..............##............##...
#...#.####.#..##..[##.########...
......# #.#......[........###...
......# #.#..##...........##8...
.....#####.................###...
..........................## #...
......####.....#).........# ##...
......# #.....#@.........# #8...
......####.....#..........# ##...
.........'.....YY.........# #...
.....#####................# ##..
.....# #................# #..
##########....)...........#####..
#........o##...........##..
#.#####...##.........#....) #.#
##..##........##...##


You could see a death yak (very poisoned), an orc priest and a friendly ice
beast (summoned).

Vanquished Creatures
  2 trolls
  Prince Ribbit (D:5)
  2 hippogriffs
  2 wyverns
  A yak (D:9)
  A water moccasin (D:8)
  Duvessa (D:4)
  An orc warrior (D:10)
  3 sky beasts
  An ice beast (D:10)
  7 ogres
  An eye of draining (D:10)
  4 centaurs
  2 necrophages (D:10)
  2 big kobolds
  4 bullfrogs
  Dowan (D:4)
  A wyvern zombie (D:10)
  A wyvern skeleton (D:10)
  A scorpion (D:5)
  9 killer bees
  A howler monkey (D:8)
  A crimson imp (D:6)
  A quasit (D:7)
  A bullfrog skeleton (D:8)
  5 hounds
  2 jellies
  2 orc priests
  Terence (D:2)
  Jessica (D:2)
  An iguana (D:6)
  Natasha (thrice) (D:4)
  5 orc wizards
  8 worker ants
  A howler monkey skeleton (D:9)
  Robin (D:4)
  A worker ant zombie (D:10)
  9 adders
  3 gnolls (D:6)
  4 river rats
  2 shadow imps
  2 oozes
  3 dart slugs
  10 leopard geckos
  31 orcs
  6 ball pythons (Sewer)
  6 giant cockroaches
  13 goblins
  13 hobgoblins
  14 jackals
  5 quokkas
  A ball python skeleton (D:4)
  10 bats
  10 frilled lizards
  18 kobolds
  A leopard gecko skeleton (D:8)
  A quokka zombie (D:4)
  19 rats
264 creatures vanquished.

Vanquished Creatures (collateral kills)
  A faun (shapeshifter) (D:10)
  A hornet (D:10)
  A hippogriff (D:10)
  2 yaks (D:9)
  A bullfrog (D:10)
6 creatures vanquished.

Vanquished Creatures (others)
  A plant (D:7)
1 creature vanquished.

Grand Total: 271 creatures vanquished

Notes
Turn   | Place    | Note
-------+----------+-------------------------------------------
     0 | D:1      | generaletaddeo the Merfolk Ice Elementalist began the quest
                  | for the Orb.
     0 | D:1      | Reached XP level 1. HP: 13/13 MP: 3/3
   138 | D:1      | Reached XP level 2. HP: 15/19 MP: 1/5
   225 | D:1      | Reached skill level 5 in Ice Magic
   608 | D:1      | Reached XP level 3. HP: 23/24 MP: 4/6
   636 | D:1      | Learned a level 3 spell: Frozen Ramparts
  1263 | D:2      | Noticed Jessica
  1351 | D:2      | Reached skill level 6 in Ice Magic
  1362 | D:2      | Reached XP level 4. HP: 29/30 MP: 3/7
  1380 | D:2      | Learned a level 3 spell: Ozocubu's Armour
  1471 | D:2      | Found a faded altar of an unknown god.
  1635 | D:2      | Found a white marble altar of Elyvilon.
  1898 | D:2      | Noticed Terence
  1909 | D:2      | Killed Terence
  1909 | D:2      | Reached skill level 1 in Charms
  1909 | D:2      | Reached XP level 5. HP: 35/35 MP: 3/8
  2058 | D:2      | Killed Jessica
  2545 | D:3      | Found a glowing drain.
  2553 | D:3      | Reached skill level 7 in Ice Magic
  2569 | Sewer    | Entered a sewer
  2816 | Sewer    | Reached XP level 6. HP: 25/41 MP: 4/9
  3769 | D:4      | Noticed Robin
  3794 | D:4      | Killed Robin
  4074 | D:4      | Found a glowing silver altar of Zin.
  4085 | D:4      | Noticed Dowan
  4167 | D:4      | Found a sparkling altar of Nemelex Xobeh.
  4168 | D:4      | Noticed Natasha
  4170 | D:4      | Killed Natasha
  4170 | D:4      | Reached skill level 8 in Ice Magic
  4572 | D:4      | Noticed Natasha
  4576 | D:4      | Killed Natasha
  4576 | D:4      | Reached XP level 7. HP: 46/46 MP: 5/10
  4609 | D:4      | Noticed Duvessa
  4612 | D:4      | Noticed Natasha
  4619 | D:4      | Killed Natasha
  4638 | D:4      | Killed Duvessa
  4638 | D:4      | Reached skill level 1 in Evocations
  4850 | D:4      | Killed Dowan
  4954 | D:5      | Entered Level 5 of the Dungeon
  5008 | D:5      | Noticed Prince Ribbit
  5690 | D:5      | Killed Prince Ribbit
  5690 | D:5      | Reached XP level 8. HP: 44/52 MP: 1/11
  5696 | D:5      | Learned a level 4 spell: Hailstorm
  6069 | D:5      | Reached skill level 9 in Ice Magic
  6158 | D:6      | Reached skill level 1 in Conjurations
  7083 | D:6      | Found a radiant altar of Vehumet.
  7084 | D:6      | Found a burning altar of Makhleb.
  7233 | D:7      | Noticed a hippogriff
  7345 | D:7      | Reached skill level 5 in Stealth
  7703 | D:7      | Got a dazzling trident
  7703 | D:7      | Identified the +12 trident of the Vendetta {vorpal, rElec
                  | Dex+4} (You found it on level 7 of the Dungeon)
  7887 | D:7      | Found a staircase to the Ecumenical Temple.
  7911 | Temple   | Entered the Ecumenical Temple
  8007 | Temple   | Became a worshipper of Ashenzari the Shackled
  8038 | D:7      | Reached XP level 9. HP: 54/57 MP: 6/12
  8277 | D:7      | Found an iron altar of Okawaru.
  8363 | D:7      | Found a sacrificial altar of Ru.
  8363 | D:7      | Found a glowing golden altar of the Shining One.
  8363 | D:7      | Found a stormy altar of Qazlal.
  8363 | D:7      | Found an ornate altar of the Wu Jian Council.
  8364 | D:7      | Found a hide-covered altar of Uskayaw.
  8612 | D:8      | Found a hazy altar of Hepliaklqana.
  8681 | D:8      | Found a blossoming altar of Fedhas.
  8726 | D:8      | Reached skill level 10 in Ice Magic
  8796 | D:8      | Noticed a troll
  9023 | D:8      | Learned a level 4 spell: Summon Ice Beast
  9340 | D:8      | Reached skill level 5 in Dodging
  9368 | D:8      | Killed a troll
  9482 | D:9      | Reached * piety under Ashenzari
  9529 | D:9      | Reached XP level 10. HP: 63/63 MP: 12/16
  9592 | D:9      | Reached skill level 5 in Evocations
  9757 | D:9      | Noticed a death yak
  9773 | D:9      | Noticed a death yak
 10209 | D:10     | Entered Level 10 of the Dungeon
 10737 | D:10     | Found a runed translucent door.
 10737 | D:10     | Noticed an ogre mage
 10740 | D:10     | Noticed an ogre mage
 10784 | D:10     | Reached skill level 1 in Fighting
 10870 | D:10     | Noticed a centaur warrior
 10913 | D:10     | Noticed a fire crab
 10916 | D:10     | Noticed a moth of wrath
 10916 | D:10     | a fire crab changed into a moth of wrath
 10918 | D:10     | Noticed a faun
 10918 | D:10     | a moth of wrath changed into a faun
 10924 | D:10     | Killed a faun
 11027 | D:9      | Learned a level 2 spell: Poisonous Vapours
 11061 | D:9      | Noticed a death yak
 11080 | D:9      | Killed from afar by an orc priest

Illustrated notes

Levels and vault maps discovered:
D:1:      tarquinn_simple_flora_water_c, layout_loops_ring
D:2:      layout_loops_ring, chequers_ecumenical_altar_island, elyvilon_altar_1,
          uniq_terence, uniq_jessica
D:3:      layout_loops_ring, portal_sewer_entry_b
D:4:      layout_loops_ring, nemelex_xobeh_ov_fountains_minmay,
          old_standard_altar, first_ration, dk_noncrumbling_4,
          minmay_strange_pillars, uniq_robin, uniq_natasha, uniq_duvessa
D:5:      layout_basic, zaba_anthole, serial_park_tiny_2, uniq_prince_ribbit1
D:6:      layout_cave_pools, grunt_temple_overflow_lords_of_destruction
D:7:      layout_rooms, minitemple, old_standard_altar,
          minmay_temple_entry_gardened_gates
D:8:      minmay_thinvault, layout_cave_pools, fedhas_altar_4,
          overflow_temple_1_default, serial_column_ruins,
          column_ruins_square_medium, column_ruins_hut_pillars,
          column_ruins_open_tiny, column_ruins_open_tiny,
          column_ruins_open_tiny, column_ruins_open_medium,
          column_ruins_corridor_dead_end, column_ruins_open_small,
          column_ruins_open_tiny
D:9:      layout_basic, dpeg_lair_monsters, serial_corexii_hall,
          corexii_hall_statues_l, corexii_hall_statues_i
D:10:     minmay_the_grid_four_pointed_star_mashed
          [minmay_the_grid_triangle_9x9_subtriangle,
          minmay_the_grid_triangle_9x9_skeleton,
          minmay_the_grid_triangle_9x9_alien,
          minmay_the_grid_triangle_9x9_thin_v,
          minmay_the_grid_prize_inner_circle], layout_loops_ring,
          blue_anna_alchemist [blue_anna_fruit_fields, blue_anna_fruit_fields]
Temple:   eino_temple_lava

Skill      XL: |  1  2  3  4  5  6  7  8  9 10 |
---------------+-------------------------------+-----
Ice Magic      | 5 6 7 8 9 10 | 10.0
Charms         | 1 2 3 |  3.0
Evocations     | 3 4 7 |  7.5
Stealth        | 3 5 7 8 |  8.6
Conjurations   | 3 |  3.4
Dodging        | 3 5 7 |  7.5
Spellcasting   | 4 |  4.6
Fighting       | 3 |  3.4
Poison Magic   | |  0.2

Action                   |  1- 3 |  4- 6 |  7- 9 | 10-12 || total
-------------------------+-------+-------+-------+-------++-------
Melee: Dagger            |    61 |    91 |    34 |       ||   186
       Unarmed           |     3 |       |       |     9 ||    12
       Short sword       |       |       |    12 |       ||    12
       Trident           |       |       |    52 |    70 ||   122
Throw: Dart              |       |     7 |    16 |       ||    23
 Cast: Freeze            |    38 |    39 |    26 |     2 ||   105
       Frozen Ramparts   |     3 |    24 |    46 |    19 ||    92
       Ozocubu's Armour  |       |     1 |    26 |     7 ||    34
       Summon Ice Beast  |       |       |     1 |     8 ||     9
       Hailstorm         |       |       |     1 |     3 ||     4
       Poisonous Vapours |       |       |       |     3 ||     3
Invok: Curse Item        |       |       |     3 |     1 ||     4
Evoke: Wand              |       |       |     2 |     1 ||     3
  Use: Scroll            |       |     4 |     2 |     1 ||     7
       Potion            |       |       |     1 |       ||     1
 Stab: Sleeping          |     5 |     9 |     5 |     1 ||    20
       Paralysed         |       |       |     3 |     9 ||    12
       Distracted        |       |       |       |     1 ||     1
  Eat: Chunk             |     2 |    13 |    20 |     8 ||    43
       Ration            |       |       |     1 |       ||     1
Armor: Robe              |    18 |    20 |    25 |     5 ||    68
Dodge: Dodged            |    64 |    62 |    88 |    58 ||   272
